 Dungeon Crawl Stone Soup version 0.30-a0-509-gd016549fea (webtiles) character file.

Game seed: 15334672919776813453

2506 arthad the Digger (level 9, 0/52 HPs)
             Began as a Gargoyle Earth Elementalist on Dec 23, 2022.
             Was an Initiate of Gozag.
             Slain by an orc warrior
             ... wielding a +2 halberd of freezing
              (10 damage)
             ... on level 7 of the Dungeon.
             The game lasted 00:17:40 (5640 turns).

arthad the Digger (Gargoyle Earth Elementalist)     Turns: 5640, Time: 00:17:41

Health: 0/52       AC:  9    Str: 12    XL:     9   Next: 53%
Magic:  1/16       EV: 16    Int: 20    God:    Gozag
Gold:   778        SH:  4    Dex: 10    Spells: 10/18 levels left

rFire   + . .      SeeInvis .    i - staff of conjuration
rCold   . . .      Faith    .    s - +0 buckler
rNeg    + . .      Spirit   .    a - +0 robe
rPois   ∞          Reflect  .    (no helmet)
rElec   +          Harm     .    (no cloak)
rCorr   .          Rampage  .    (no gloves)
Will    .....                    h - +0 pair of boots
Stlth   +++.......               f - amulet of magic regeneration
HPRegen 0.28/turn                j - ring of protection from fire
MPRegen 0.55/turn                t - +4 ring of evasion

@: no status effects
A: sickness immunity, AC +6, negative energy resistance 1, electricity
resistance, torment resistance 1, petrification resistance
a: Renounce Religion, Potion Petition, Call Merchant, Bribe Branch


You were on level 7 of the Dungeon.
You worshipped Gozag.
Gozag was pleased with you.
You visited 1 branch of the dungeon, and saw 7 of its levels.

You collected 866 gold pieces.
You paid 88 gold pieces to Gozag.

Inventory:

Missiles
 c - 2 silver boomerangs
 r - 5 poisoned darts
Armour
 a - a +0 robe (worn)
 h - a +0 pair of boots (worn)
 o - a +1 kite shield
 s - a +0 buckler (worn)
Magical Staves
 i - a staff of conjuration (weapon)
Jewellery
 f - an amulet of magic regeneration (around neck)
 j - a ring of protection from fire (left hand)
 t - a +4 ring of evasion (right hand)
 w - a +4 ring of evasion
Scrolls
 d - a scroll of fear
 e - 3 scrolls of teleportation
 g - 2 scrolls of enchant weapon
 k - a scroll of immolation
 q - a scroll of amnesia
 u - a scroll of magic mapping
 y - 3 scrolls of identify {unknown}
 z - a scroll of noise
Potions
 b - a potion of cancellation {unknown}
 l - a potion of degeneration
 m - 2 potions of brilliance {unknown}
 n - 6 potions of flight {unknown}
 p - a potion of lignification {unknown}
 v - 2 potions of haste
 x - a potion of curing {unknown}
 A - a potion of mutation {unknown}
 B - 3 potions of heal wounds {unknown}


   Skills:
 + Level 4.0 Fighting
 + Level 3.4 Dodging
 + Level 4.9 Stealth
 * Level 4.4 Shields
 * Level 5.1 Spellcasting
 * Level 5.3 Conjurations
 + Level 2.9 Transmutations
 * Level 7.4 Earth Magic


You had 10 spell levels left.
You knew the following spells:

 Your Spells              Type           Power      Damage    Failure   Level
a - Sandblast             Erth           70%        2d15      1%          1
b - Stone Arrow           Conj/Erth      92%        3d12      3%          3
c - Petrify               Tmut/Erth      26%        N/A       17%         4

Your spell library contained the following spells:

 Spells                   Type           Power      Damage    Failure   Level
 Passwall                 Tmut/Erth      21%        N/A       2%          2
 Dazzling Flash           Conj/Hex       46%        N/A       14%         3
 Agony                    Necr           5%         N/A       99%         5
 Silence                  Hex/Air        2%         N/A       99%         5


Dungeon Overview and Level Annotations

Branches:
Dungeon (7/15)             Temple (0/1) D:7

Altars:
Gozag
Kikubaaqudgha
Okawaru
Uskayaw
Xom

Shops:
D:2 ([(   D:5 :

Annotations:
D:5 3 runed translucent doors, Dordric's ghost, novice HOMo


Innate Abilities, Weirdness & Mutations

You are immune to sickness and miasma.
Your stone body is resilient. (AC +6)
You are immune to poison.
You resist negative energy. (rN+)
You are resistant to electric shocks. (rElec)
You are resistant to unholy torment.
You are immune to petrification.


Message History

You block the orc warrior's attack.
Unknown command.
Casting: Stone Arrow (dangerous; 3% risk of failure)
Confirm with . or Enter, or press ? or * to list all spells.
Aiming: Stone Arrow (dangerous; 3% risk of failure)
Press: ? - help, Shift-Dir - straight line, f/p - orc warrior
Aim: an orc warrior, wielding a +2 halberd of freezing and wearing a +0 chain mail (heavily wounded, 73% to hit)
You feel a surge of power!
The stone arrow hits the orc warrior!
The orc warrior is almost dead.
The orc warrior hits you from afar with a +2 halberd of freezing!
The orc warrior freezes you.
Casting: Stone Arrow (dangerous; 3% risk of failure)
Confirm with . or Enter, or press ? or * to list all spells.
Aiming: Stone Arrow (dangerous; 3% risk of failure)
Press: ? - help, Shift-Dir - straight line, f/p - orc warrior
Aim: an orc warrior, wielding a +2 halberd of freezing and wearing a +0 chain mail (almost dead, 73% to hit)
You feel a surge of power!
The stone arrow misses the orc warrior.
The orc warrior hits you from afar with a +2 halberd of freezing!
The orc warrior freezes you.
Casting: Stone Arrow (dangerous; 3% risk of failure)
Confirm with . or Enter, or press ? or * to list all spells.
Aiming: Stone Arrow (dangerous; 3% risk of failure)
Press: ? - help, Shift-Dir - straight line, f/p - orc warrior
Aim: an orc warrior, wielding a +2 halberd of freezing and wearing a +0 chain mail (almost dead, 73% to hit)
You feel a surge of power!
The stone arrow misses the orc warrior.
The orc warrior hits you from afar with a +2 halberd of freezing!
* * * LOW HITPOINT WARNING * * *
The orc warrior freezes you.
* * * LOW HITPOINT WARNING * * *
Aiming: Sandblast (safe; 1% risk of failure)
Press: ? - help, Q - select action, (/) - cycle Shift-Dir - straight line, f/p - orc warrior
Aim: an orc warrior, wielding a +2 halberd of freezing and wearing a +0 chain mail (almost dead, 82% to hit)
The blast of sand misses the orc warrior.
The orc warrior hits you from afar with a +2 halberd of freezing.
* * * LOW HITPOINT WARNING * * *
The orc warrior freezes you.
* * * LOW HITPOINT WARNING * * *
The orc warrior hits you from afar with a +2 halberd of freezing!
You die...
Your body crumbles into a pile of gold.

###....#^...... .. .....#.#..#.
.#...#.....####..#.............#.
....#....#.#.##..................
.>.#####...#.##..................
....#....#.#.##..#.# ..##........
.#...#...#.#.......[ . #........
###..............# # .#....#.#.
.# #..##.#.#.##..#.#.............
.#....##.#......@.......#..##..#.
.#..#...................... .....
...# ##.###.#####o#.##. #...)
#.## ... ...# o# # #... ##
#.......# # ... ### #.......# .#.
.... #+###.# .. )#.#. .. #. .....
$ ..


You could see an orc warrior and an orc.

Vanquished Creatures
  An oklob plant (D:6)
  Prince Ribbit (D:7)
  A wyvern (D:7)
  2 water moccasins
  An acid dragon (D:7)
  2 black bears
  A sky beast (D:6)
  An ice beast (D:5)
  An ogre (D:5)
  A phantom (D:5)
  3 scorpions (D:5)
  A gnoll sergeant (D:7)
  3 hounds
  6 jellies
  3 orc priests
  3 iguanas
  7 gnolls
  6 adders
  An ufetubus (D:4)
  2 worms
  4 dart slugs
  13 orcs
  7 ball pythons
  2 bats (D:3)
  A bat zombie (D:3)
  18 endoplasms
  2 giant cockroaches (D:2)
  8 hobgoblins
  3 quokkas
  2 frilled lizards
  9 goblins
  9 kobolds
  2 rats
  3 rat zombies (D:3)
130 creatures vanquished.

Vanquished Creatures (others)
  6 fungi (D:6)
  4 plants
10 creatures vanquished.

Grand Total: 140 creatures vanquished

Notes
Turn   | Place    | Note
-------+----------+-------------------------------------------
     0 | D:1      | arthad the Gargoyle Earth Elementalist began the quest for
                  | the Orb.
     0 | D:1      | Reached XP level 1. HP: 10/10 MP: 3/3
   194 | D:1      | Reached XP level 2. HP: 16/16 MP: 0/5
   843 | D:1      | Reached skill level 4 in Earth Magic
   845 | D:1      | Reached skill level 1 in Transmutations
  1253 | D:2      | Reached XP level 3. HP: 20/20 MP: 6/6
  1264 | D:2      | Reached skill level 1 in Fighting
  1304 | D:2      | Found Koh Poocs's Antique Weapon Boutique.
  1386 | D:2      | Found Nomm's Antique Armour Shoppe.
  1441 | D:2      | Learned a level 3 spell: Stone Arrow
  1481 | D:2      | Found Ytogem Qiuh's Weapon Shoppe.
  1524 | D:2      | Reached XP level 4. HP: 25/25 MP: 5/8
  1693 | D:2      | Found a faded altar of an unknown god.
  1945 | D:3      | Found an ancient bone altar of Kikubaaqudgha.
  2121 | D:3      | Reached skill level 1 in Conjurations
  2426 | D:4      | Reached XP level 5. HP: 9/29 MP: 6/9
  2676 | D:4      | Found an iron altar of Okawaru.
  2682 | D:4      | Reached XP level 6. HP: 35/35 MP: 8/10
  2701 | D:4      | Reached skill level 5 in Earth Magic
  2749 | D:4      | Found an opulent altar of Gozag.
  2772 | D:4      | Became a worshipper of Gozag Ym Sagoz the Greedy
  3385 | D:5      | Entered Level 5 of the Dungeon
  3411 | D:5      | Reached skill level 1 in Shields
  3411 | D:5      | Reached XP level 7. HP: 40/40 MP: 8/12
  3554 | D:5      | Found a runed translucent gate.
  3555 | D:5      | Found a runed translucent gate.
  3556 | D:5      | Found a runed translucent gate.
  3557 | D:5      | Noticed Dordric's ghost (novice HOMo)
  3913 | D:5      | Found Piaxaph's Tremendous Tomes.
  4079 | D:5      | Reached XP level 8. HP: 45/45 MP: 6/13
  4109 | D:5      | Reached skill level 6 in Earth Magic
  4641 | D:6      | Noticed an oklob plant
  4680 | D:6      | Killed an oklob plant
  4681 | D:6      | Reached XP level 9. HP: 15/51 MP: 4/16
  4822 | D:6      | Found a shimmering altar of Xom.
  4822 | D:6      | Found a hide-covered altar of Uskayaw.
  5265 | D:7      | Reached skill level 7 in Earth Magic
  5307 | D:7      | Reached skill level 5 in Spellcasting
  5307 | D:7      | Reached skill level 5 in Conjurations
  5314 | D:7      | Learned a level 4 spell: Petrify
  5581 | D:7      | Found a staircase to the Ecumenical Temple.
  5621 | D:7      | Noticed Prince Ribbit
  5624 | D:7      | Killed Prince Ribbit
  5640 | D:7      | Slain by an orc warrior

Illustrated notes

Levels and vault maps discovered:
D:1:      sevenhm_arrival_forest_fort_large_4, layout_loops_corners,
          serial_bayou_lagoon_a
D:2:      layout_loops_ring, ebering_ecumenical_altar_box, serial_shops,
          nicolae_diamond_shop, shop_coins,
          nicolae_shop_competitors_out_of_business
D:3:      layout_basic, lemuel_zombie_altar_kikubaaqudgha
D:4:      layout_basic, mainiacjoe_overflow_big_doors
D:5:      layout_basic, gammafunk_ghost_split, nicolae_shop_i_like_big_books,
          hangedman_decor_diamond_cutter
D:6:      lemuel_slime, layout_loops_ring, gammafunk_temple_overflow_pools,
          skrybe_limestone_x, minmay_misc_feat_iff
D:7:      layout_basic, minmay_temple_entry_arrows, serial_glass,
          glass_columns_b, glass_columns_b, glass_columns_a, glass_columns_a,
          glass_columns_a, glass_columns_b, glass_columns_a, glass_columns_a,
          uniq_prince_ribbit1, uniq_menkaure

Skill      XL: |  1  2  3  4  5  6  7  8  9 |
---------------+----------------------------+-----
Earth Magic    | 4 5 6 7 |  7.4
Transmutations | 1 2 |  2.9
Fighting       | 1 2 3 4 |  4.0
Conjurations   | 1 2 3 4 5 |  5.3
Dodging        | 2 3 |  3.4
Spellcasting   | 3 4 5 |  5.1
Stealth        | 3 4 |  4.9
Shields        | 1 2 3 4 |  4.4

Action                   |  1- 3 |  4- 6 |  7- 9 || total
-------------------------+-------+-------+-------++-------
Melee: Unarmed           |     4 |       |       ||     4
 Cast: Sandblast         |    48 |   105 |    62 ||   215
       Stone Arrow       |       |     5 |    41 ||    46
  Use: Scroll            |       |     8 |     4 ||    12
       Potion            |       |     1 |     1 ||     2
Armor: Robe              |     1 |    17 |    10 ||    28
Dodge: Dodged            |     2 |    46 |    19 ||    67
Block: Buckler           |       |       |     5 ||     5

Table legend: (Time is in decaauts)
 A = Elapsed time spent in this place.
 B = Non-inter-level travel time spent in this place.
 C = Inter-level travel time spent in this place.
 D = Time resting spent in this place.
 E = Time spent auto-exploring this place.
 F = Levels seen in this place.
 G = Mean time per level.
                   A        B        C        D        E       F      G
               +--------+--------+--------+--------+--------+-----+--------+
         Total |   5768 |   5625 |    143 |    240 |   4529 |   7 |  824.0 |
       Dungeon |   5768 |   5625 |    143 |    240 |   4529 |   7 |  824.0 |
               +--------+--------+--------+--------+--------+-----+--------+

Top non-repeatable levels by time:
     D:1: 1287 daAuts
     D:4: 1019 daAuts
     D:5: 951 daAuts
     D:6: 914 daAuts
     D:2: 641 daAuts
     D:3: 533 daAuts
     D:7: 420 daAuts
